Map: Nightshade LE

Players

NoRegreT - Winner!

  • Race: Zerg Zerg
  • Spawn Location: 5:00

lIIllIlIlIlI (INnoVation)

  • Race: Terran Terran
  • Spawn Location: 11:00

Event: NationWars 2019

VOD

https://youtu.be/8GeqsXtbSKI?t=2673

Description

Time

  • Played on: Dec. 1, 2019, 1:17 p.m.
  • Length: 4:29
Show
View Real Time Build Order
Export as new Build Order

NoRegreT Zerg - Winner!

Build Orders: Pool First, 2 Base Baneling Bust 

Get SALT Encoding   

  12  0:00  Drone  
  13  0:07  Drone  
  13  0:13  Extractor  
  13  0:14  Drone  
  14  0:31  Spawning Pool  
  14  0:35  Drone  
  14  0:41  Extractor  
  14  0:42  Drone  
  15  0:50  Overlord  
  15  1:08  Drone  
  16  1:19  Zergling x6  
  16  1:21  Metabolic Boost  
  19  1:27  Queen  
  19  1:32  Zergling x2  
  22  1:52  Hatchery  
  21  1:55  Zergling x2  
  22  2:02  Overlord  
  22  2:21  Zergling x4  
  23  2:24  Zergling x2  
  23  2:35  Zergling x2, Baneling Nest  
  23  2:36  Zergling x4  
  25  2:40  Zergling x2  
  26  2:50  Zergling x2  
  27  2:59  Zergling x2  
  27  3:04  Zergling x2  
  29  3:09  Zergling x2  
  29  3:10  Zergling x2  
  29  3:11  Zergling x2  
  32  3:15  Zergling x2  
  32  3:18  Baneling  
  33  3:21  Baneling  
  33  3:23  Baneling x2  
  33  3:24  Baneling  
  33  3:25  Baneling  
  32  3:30  Zergling x2  
  33  3:36  Zergling x2  
  35  3:41  Zergling x2  
  32  3:52  Zergling x2  
  32  3:54  Zergling x2  
  32  3:55  Zergling x2  
  34  3:58  Zergling x2  
  31  4:03  Zergling x2  
  31  4:06  Zergling x2  
  31  4:11  Zergling x2  
Show
View Real Time Build Order
Export as new Build Order

lIIllIlIlIlI Terran 

Build Orders: Liberator Opening, Reaper Expand 

Get SALT Encoding   

  12  0:00  SCV  
  13  0:12  SCV  
  14  0:17  Supply Depot  
  14  0:24  SCV  
  15  0:38  SCV  
  15  0:41  Barracks  
  16  0:43  Refinery  
  16  0:50  SCV  
  17  1:02  SCV  
  18  1:15  SCV  
  19  1:28  Orbital Command, Reaper  
  20  1:38  Command Center  
  20  1:48  Supply Depot  
  21  1:54  SCV  
  21  1:59  Marine  
  22  2:06  SCV  
  23  2:09  Factory  
  23  2:15  Refinery  
  23  2:19  SCV  
  23  2:21  Barracks Reactor  
  24  2:28  Command Center  
  21  2:31  SCV  
  22  2:43  SCV  
  23  2:54  Starport  
  23  2:56  SCV  
  24  3:01  Hellion x2  
  28  3:08  SCV, Barracks Tech Lab  
  28  3:09  Supply Depot  
  28  3:20  SCV  
  28  3:25  Liberator  
  29  3:28  Hellion  
  29  3:29  Marine  
  29  3:31  Hellion  
  29  3:34  Supply Depot  
  30  3:35  Supply Depot  
  30  3:39  Engineering Bay  
  31  3:57  Marine  
  31  4:02  Hellion  
  20  4:06  SCV  
Tags
 
Add a new tag
Caveats
  • Supply blocks, unpowered buildings, or Contaminate may cause inaccurate times.
  • Supply counts are checked every 10 seconds.